Map: Cactus Valley LE (Void)

Players

Railgan - Winner!

  • Race: Zerg Zerg
  • League: Grandmaster
  • Spawn Location: 7:00

Bails

  • Race: Protoss Protoss
  • League: Grandmaster
  • Spawn Location: 1:00

VOD

Have the link to the VOD?

Description

Time

  • Played on: April 18, 2017, 6:09 p.m.
  • Length: 4:29
Show
View Real Time Build Order
Export as new Build Order

Railgan Zerg - Winner!

Build Orders: Pool First 

Get SALT Encoding   

  12  0:00  Drone  
  13  0:12  Overlord  
  13  0:17  Drone  
  14  0:31  Drone x2  
  14  0:35  Drone  
  17  0:37  Extractor  
  16  0:46  Drone  
  17  0:52  Spawning Pool  
  17  0:56  Drone  
  17  1:17  Hatchery  
  16  1:21  Drone  
  16  1:24  Drone  
  18  1:29  Drone  
  19  1:41  Queen  
  19  1:44  Zergling x2  
  22  1:52  Metabolic Boost  
  22  2:07  Roach Warren, Drone  
  22  2:16  Overlord  
  22  2:18  Overlord  
  22  2:47  Roach  
  22  2:48  Roach x4  
  32  2:53  Roach  
  32  2:54  Roach  
  32  2:58  Roach  
  38  3:01  Zergling x2  
  39  3:06  Zergling x2  
  39  3:13  Overlord  
  39  3:15  Zergling x2  
  39  3:17  Zergling x2  
  41  3:23  Zergling x2  
  41  3:25  Zergling x2  
  43  3:27  Zergling x2  
  43  3:33  Zergling x4  
  46  3:35  Ravager  
  46  3:39  Zergling x2  
  48  3:48  Zergling x4  
  48  3:53  Ravager  
  51  3:56  Overlord, Zergling x2  
  42  4:11  Zergling x2  
Show
View Real Time Build Order
Export as new Build Order

Bails Protoss 

Build Orders: Nexus First 

Get SALT Encoding   

  12  0:01  Probe (Chrono Boost)  
  13  0:11  Probe (Chrono Boost)  
  14  0:20  Pylon  
  14  0:22  Probe (Chrono Boost)  
  15  0:38  Probe (Chrono Boost)  
  16  0:49  Probe (Chrono Boost)  
  17  1:02  Nexus  
  17  1:12  Gateway  
  17  1:15  Probe (Chrono Boost)  
  18  1:22  Assimilator  
  18  1:26  Probe (Chrono Boost)  
  18  1:32  Assimilator  
  19  1:36  Probe (Chrono Boost)  
  21  1:47  Probe (Chrono Boost)  
  21  1:48  Pylon  
  21  1:57  Probe (Chrono Boost)  
  21  2:00  Cybernetics Core  
  22  2:08  Probe (Chrono Boost)  
  23  2:14  Probe (Chrono Boost)  
  24  2:18  Probe (Chrono Boost)  
  25  2:24  Probe (Chrono Boost)  
  25  2:29  Probe (Chrono Boost)  
  27  2:35  Adept  
  27  2:36  Twilight Council, Probe (Chrono Boost)  
  30  2:41  Probe (Chrono Boost)  
  31  2:47  Probe (Chrono Boost)  
  32  2:52  Probe (Chrono Boost)  
  32  2:58  Probe (Chrono Boost), Pylon  
  34  3:02  Sentry, Probe (Chrono Boost)  
  37  3:08  Probe (Chrono Boost)  
  39  3:13  Probe (Chrono Boost)  
  39  3:19  Probe (Chrono Boost)  
  40  3:24  Mothership Core (Chrono Boost)  
  42  3:27  Gateway  
  42  3:29  Gateway, Probe (Chrono Boost)  
  42  3:30  Gateway  
  43  3:37  Robotics Facility  
  43  3:40  Probe (Chrono Boost)  
  44  3:42  Probe (Chrono Boost)  
  45  3:50  Pylon  
  47  3:57  Assimilator x2  
  45  4:09  Probe (Chrono Boost)  
  46  4:12  Probe (Chrono Boost)  
  46  4:13  Pylon  
  46  4:14  Pylon  
Tags
 
Add a new tag
Caveats
  • Supply blocks, unpowered buildings, or Contaminate may cause inaccurate times.
  • Supply counts are checked every 10 seconds.